 Dungeon Crawl Stone Soup version 0.26.1-11-gd32895ea62 (webtiles) character file.

Game seed: 15077913837659361300

1659 Bergy the Basher (level 9, -1/70 HPs)
             Began as a Ghoul Fighter on July 15, 2021.
             Was a Priest of Makhleb.
             Slain by a two-headed ogre
             ... wielding a +0 giant club
              (16 damage)
             ... on level 7 of the Dungeon.
             The game lasted 00:21:43 (6083 turns).

Bergy the Basher (Ghoul Fighter)                    Turns: 6083, Time: 00:21:45

Health: -1/70      AC:  8    Str: 22    XL:     9   Next: 0%
Magic:  8/8        EV:  7    Int:  3    God:    Makhleb [***...]
Gold:   338        SH: 11    Dex:  9    Spells: 8/8 levels left

rFire    . . .     SeeInvis .   q - +4 mace (vorpal)
rCold    + . .     Faith    .   d - +2 kite shield
rNeg     + + +     Spirit   .   a - +0 scale mail
rPois    ∞         Reflect  .   (no helmet)
rElec    .         Harm     .   (no cloak)
rCorr    .         Rampage  .   x - +1 pair of gloves
Will     .....                  (no boots)
Stlth    ..........             (no amulet)
HPRegen  0.00/turn              (no ring)
MPRegen  0.11/turn              (no ring)

@: no status effects
A: claws 1, cold resistance 1, negative energy resistance 3, inhibited
regeneration, torment resistance, unbreathing
a: Renounce Religion, Minor Destruction, Lesser Servant of Makhleb


You were on level 7 of the Dungeon.
You worshipped Makhleb.
Makhleb was most pleased with you.
You visited 2 branches of the dungeon, and saw 8 of its levels.

You collected 338 gold pieces.

Inventory:

Hand Weapons
 q - a +4 vorpal mace (weapon)
Armour
 a - a +0 scale mail (worn)
 d - a +2 kite shield (worn)
 n - a +0 plate armour
 x - a +1 pair of gloves (worn)
Jewellery
 z - a +6 ring of strength {unknown}
Wands
 y - a wand of digging (6)
Scrolls
 e - 2 scrolls of magic mapping {unknown}
 j - 9 scrolls of remove curse
 m - 2 scrolls of enchant weapon {unknown}
 p - 6 scrolls of teleportation
 r - 3 scrolls of random uselessness {unknown}
 s - 3 scrolls of amnesia {unknown}
 t - a scroll of blinking {unknown}
 u - a scroll of identify
 A - a scroll of immolation {unknown}
 B - a scroll of fog {unknown}
Potions
 b - a potion of ambrosia {unknown}
 c - 3 potions of might
 f - 2 potions of brilliance {unknown}
 g - 4 potions of curing {unknown}
 h - 5 potions of lignification
 i - a potion of invisibility {unknown}
 k - 4 potions of haste {unknown}
 l - 3 potions of mutation
 o - a potion of heal wounds
 v - a potion of cancellation {unknown}
 w - 2 potions of degeneration {unknown}


   Skills:
 - Level 3.2 Fighting
 * Level 9.5 Maces & Flails
 - Level 2.6 Armour
 - Level 2.6 Shields
 - Level 4.5 Unarmed Combat


You had 8 spell levels left.
You didn't know any spells.
Your spell library contained the following spells:

 Spells                   Type           Power        Failure   Level
 Corona                   Hex            0%           100%        1
 Magic Dart               Conj           0%           100%        1
 Blink                    Tloc           N/A          100%        2
 Call Imp                 Summ           0%           100%        2
 Ensorcelled Hibernation  Hex/Ice        0%           100%        2
 Slow                     Hex            0%           100%        2
 Confusing Touch          Hex            0%           100%        3
 Conjure Flame            Conj/Fire      0%           100%        3
 Dazzling Flash           Conj/Hex       0%           100%        3
 Mephitic Cloud           Conj/Pois/Air  0%           100%        3
 Tukima's Dance           Hex            0%           100%        3


Dungeon Overview and Level Annotations

Branches:
Dungeon (7/15)             Temple (1/1) D:4

Altars:
Ashenzari
Cheibriados
Dithmenos
Elyvilon
Fedhas
Gozag
Kikubaaqudgha
Makhleb
Nemelex Xobeh
Okawaru
Qazlal
Ru
Sif Muna
Trog
Uskayaw
Vehumet
Wu Jian
Xom
Yredelemnul
Zin
The Shining One

Shops:
D:4 *(**:   D:5 *

Annotations:
D:4 1 runed translucent door, Ebobla's ghost, amateur TrBe


Innate Abilities, Weirdness & Mutations

You thrive by killing the living.
You are immune to poison.
You have sharp fingernails.
Your flesh is cold resistant. (rC+)
You are immune to negative energy. (rN+++)
You do not regenerate when monsters are visible.
You are immune to unholy pain and torment.
You can survive without breathing.


Message History

The two-headed ogre shouts in stereo!
You block the two-headed ogre's attack.
The two-headed ogre hits you with a +0 giant spiked club!!
Found a hardcover book, 14 sling bullets and 16 gold pieces.
You sock the two-headed ogre!
The two-headed ogre is lightly wounded.
The two-headed ogre hits you with a +0 giant club.
You block the two-headed ogre's attack.
Your shield prevents you from hitting the two-headed ogre.
The two-headed ogre is lightly wounded.
The two-headed ogre hits you with a +0 giant club!
You block the two-headed ogre's attack.
You are too injured to fight recklessly!
You hit the two-headed ogre but do no damage.
The two-headed ogre is lightly wounded.
You block the worker ant's attack.
The two-headed ogre hits you with a +0 giant club!!
* * * LOW HITPOINT WARNING * * *
The two-headed ogre hits you with a +0 giant spiked club!
You die...

......#........
......#.##+######
......#.#.......###
......#............
......#.#........#
......#.#..#####.#####.
.......................
###'######.......#
...........#####@#
...........##..OB.......
...........##.(.......##
...........##.......$.#
...........##...........
............#...........
............#...........
............#....$......
###.#####...#


You could see a two-headed ogre and a worker ant.

Vanquished Creatures
  An ice beast (D:4)
  A black bear (D:7)
  A centaur (D:7)
  2 ogres
  2 big kobolds (D:7)
  2 bullfrogs
  A scorpion (D:7)
  A howler monkey (D:5)
  A bullfrog zombie (D:5)
  A jelly (D:7)
  A hound (D:7)
  A quasit (D:7)
  An orc priest (D:5)
  3 orc wizards
  7 worker ants
  5 iguanas
  Terence (D:2)
  A hound zombie (D:6)
  3 hound skeletons
  A mummy (D:7)
  4 gnolls (D:5)
  7 adders
  A white imp (D:6)
  2 adder skeletons
  2 worms
  5 dart slugs
  8 leopard geckos
  21 orcs
  4 giant cockroaches
  9 goblins
  8 hobgoblins
  11 jackals
  A quokka (D:4)
  A ball python (D:5)
  4 bats
  5 frilled lizards
  18 kobolds
  2 leopard gecko skeletons
  A quokka skeleton (D:4)
  7 rats
158 creatures vanquished.

Vanquished Creatures (others)
  A plant (D:4)
1 creature vanquished.

Grand Total: 159 creatures vanquished

Notes
Turn   | Place    | Note
-------+----------+-------------------------------------------
     0 | D:1      | Bergy the Ghoul Fighter began the quest for the Orb.
     0 | D:1      | Reached XP level 1. HP: 19/19 MP: 0/0
   233 | D:1      | Reached XP level 2. HP: 26/26 MP: 1/1
   623 | D:1      | Reached XP level 3. HP: 31/31 MP: 2/2
   942 | D:2      | Noticed Terence
   951 | D:2      | Killed Terence
  1474 | D:2      | Reached XP level 4. HP: 38/38 MP: 3/3
  1482 | D:2      | Reached skill level 1 in Maces & Flails
  1617 | D:2      | Found a shadowy altar of Dithmenos.
  1780 | D:3      | Found a faded altar of an unknown god.
  1813 | D:3      | Reached skill level 2 in Maces & Flails
  1962 | D:3      | Found a radiant altar of Vehumet.
  1968 | D:3      | Found a glowing golden altar of the Shining One.
  2117 | D:3      | Reached XP level 5. HP: 44/45 MP: 4/4
  2451 | D:4      | Found Kibrurph's Assorted Antiques.
  2492 | D:4      | Found Depnesith's Book Emporium.
  2501 | D:4      | Reached skill level 3 in Maces & Flails
  2639 | D:4      | Found a staircase to the Ecumenical Temple.
  2654 | Temple   | Entered the Ecumenical Temple
  2695 | Temple   | Became a worshipper of Makhleb the Destroyer
  2754 | D:4      | Found a runed translucent door.
  2764 | D:4      | Noticed Ebobla's ghost (amateur TrBe)
  2903 | D:4      | Reached XP level 6. HP: 51/51 MP: 5/5
  2963 | D:4      | Reached skill level 4 in Maces & Flails
  3030 | D:4      | Noticed an ice beast
  3036 | D:4      | Killed an ice beast
  3073 | D:4      | Reached skill level 5 in Maces & Flails
  3321 | D:4      | Found Bemmiuse's General Store.
  3353 | D:4      | Reached * piety under Makhleb
  3394 | D:4      | Found Kuheuz's Antique Weapon Emporium.
  3401 | D:4      | Found Qatedgh's Assorted Antiques.
  3443 | D:4      | Found a basalt altar of Yredelemnul.
  3443 | D:4      | Found a shimmering blue altar of Sif Muna.
  3443 | D:4      | Found an ornate altar of the Wu Jian Council.
  3646 | D:5      | Entered Level 5 of the Dungeon
  3660 | D:4      | Reached XP level 7. HP: 50/57 MP: 6/6
  3865 | D:5      | Reached skill level 6 in Maces & Flails
  3988 | D:5      | Found a stormy altar of Qazlal.
  3989 | D:5      | Noticed a fire elemental
  3992 | D:5      | Noticed an air elemental
  3992 | D:5      | Noticed a water elemental
  4007 | D:5      | Found Juas's General Store.
  4385 | D:5      | Reached ** piety under Makhleb
  4752 | D:6      | Found a broken altar of Ashenzari.
  4973 | D:6      | Reached skill level 7 in Maces & Flails
  4992 | D:6      | Reached XP level 8. HP: 57/63 MP: 7/7
  5244 | D:6      | Found a hide-covered altar of Uskayaw.
  5572 | D:7      | Reached skill level 8 in Maces & Flails
  5843 | D:7      | Found a sand-covered staircase.
  5934 | D:7      | Reached skill level 9 in Maces & Flails
  6018 | D:7      | Reached *** piety under Makhleb
  6019 | D:7      | Reached XP level 9. HP: 69/70 MP: 8/8
  6080 | D:7      | Noticed a two-headed ogre
  6083 | D:7      | Slain by a two-headed ogre

Illustrated notes

Levels and vault maps discovered:
D:1:      noname_arrival_rooms_in_the_neighbourhood, layout_basic
D:2:      layout_loops_ring, marbit_many_paths, item_on_display_a, uniq_terence
D:3:      layout_basic, nicolae_overflow_hidden_temple,
          chequers_ecumenical_altar_simple_redux
D:4:      corexii_shack_village, layout_gridville,
          gammafunk_temple_overflow_forgotten, minmay_temple_entry_glass,
          serial_shops, nicolae_shop_stone, shop, shop_statue,
          kennysheep_mini_moat, shop, gammafunk_ghost_grave
D:5:      layout_cave_pods, serial_shops, shop, nicolae_qazlal_style_of_elements
D:6:      layout_basic, eat_drink_and_be_merry_uskayaw, evilmike_ruin_ashenzari,
          st_stairs_1, minmay_misc_feat_iff
D:7:      layout_basic, gup_ossuary_entry_pyramid, uniq_harold
Temple:   nicolae_temple_hex_pool

Skill      XL: |  1  2  3  4  5  6  7  8 |
---------------+-------------------------+-----
Unarmed Combat | 3 4 |  4.5
Maces & Flails | 2 3 5 7 9 |  9.5
Fighting       | |  3.2
Armour         | |  2.6
Shields        | |  2.6

Action                   |  1- 3 |  4- 6 |  7- 9 || total
-------------------------+-------+-------+-------++-------
Melee: Unarmed           |    71 |       |       ||    71
       Mace              |     7 |   149 |   239 ||   395
  Use: Scroll            |       |     6 |     2 ||     8
Armor: Scale mail        |    13 |    64 |    91 ||   168
Dodge: Dodged            |    20 |    38 |    80 ||   138
Block: Kite shield       |    37 |    64 |   148 ||   249
